 Dungeon Crawl Stone Soup version 0.30-a0-210-g01b79a254e (webtiles) character file.

Game seed: 18165527471264186376

21 meatgazer the Carver (level 2, -4/20 HPs)
             Began as a Gnoll Wanderer on Oct 4, 2022.
             Slain by a gnoll
             ... wielding a +0 spear
              (6 damage)
             ... on level 2 of the Dungeon.
             The game lasted 00:02:53 (904 turns).

meatgazer the Carver (Gnoll Wanderer)                Turns: 904, Time: 00:02:54

Health: -4/20      AC:  3    Str: 10    XL:     2   Next: 87%
Magic:  6/7        EV: 11    Int: 12    God:
Gold:   56         SH:  0    Dex: 11    Spells: 9/10 levels left

rFire   + . .      SeeInvis .    a - +2 falchion
rCold   . . .      Faith    .    (no shield)
rNeg    . . .      Spirit   .    e - +1 robe
rPois   .          Reflect  .    (no helmet)
rElec   .          Harm     .    (no cloak)
rCorr   .          Rampage  .    (no gloves)
Will    .....                    (no boots)
Stlth   +.........               (no amulet)
HPRegen 0.23/turn                (no ring)
MPRegen 0.10/turn                (no ring)

@: mighty, very slightly contaminated
A: fangs 1, strong nose, distributed training, fire resistance 1, frail 1,
MP-powered wands
a: no special abilities


You were on level 2 of the Dungeon.
You visited 1 branch of the dungeon, and saw 2 of its levels.

You collected 56 gold pieces.

Inventory:

Hand Weapons
 a - a +2 falchion (weapon)
 c - a +0 dagger
Missiles
 b - 6 poisoned darts (quivered)
Armour
 e - a +1 robe (worn)
Scrolls
 d - a scroll of teleportation
Potions
 j - a potion of curing


   Skills:
 + Level 2.5 Fighting
 + Level 0.5 Short Blades
 + Level 8.5 Long Blades
 + Level 0.5 Axes
 + Level 0.5 Maces & Flails
 + Level 0.5 Polearms
 + Level 0.5 Staves
 + Level 0.5 Ranged Weapons
 + Level 2.5 Throwing
 + Level 0.5 Armour
 + Level 0.5 Dodging
 + Level 0.5 Stealth
 + Level 0.5 Shields
 + Level 0.5 Unarmed Combat
 + Level 4.9 Spellcasting
 + Level 0.4 Conjurations
 + Level 0.4 Hexes
 + Level 0.4 Summonings
 + Level 0.4 Necromancy
 + Level 0.4 Translocations
 + Level 2.0 Transmutations
 + Level 0.4 Fire Magic
 + Level 0.4 Ice Magic
 + Level 0.4 Air Magic
 + Level 0.4 Earth Magic
 + Level 0.4 Poison Magic
 + Level 0.7 Invocations
 + Level 2.5 Evocations


You had 9 spell levels left.
You knew the following spells:

 Your Spells              Type           Power      Damage    Failure   Level
a - Beastly Appendage     Tmut           16%        N/A       9%          1

Your spell library contained the following spells:

 Spells                   Type           Power      Damage    Failure   Level
 Spider Form              Tmut/Pois      5%         N/A       36%         3
 Malign Gateway           Summ/Tloc      1%         N/A       100%        7
 Summon Horrible Things   Summ           1%         N/A       100%        8


Dungeon Overview and Level Annotations

Branches:
Dungeon (2/15)

Altars:


Innate Abilities, Weirdness & Mutations

You have very sharp teeth.
Your uncanny sense of smell can sniff out nearby items.
Your experience applies equally to all skills.
Your flesh is heat resistant. (rF+)
You are frail. (-10% HP)
You expend magic power (3 MP) to strengthen your wands.


Message History

A gnoll comes into view. It is wielding a +0 club.
The gnoll shouts!
A gnoll comes into view. It is wielding a +0 spear.
The gnoll moves out of view.
The gnoll shouts!
A rat comes into view.
The gnoll barely misses you.
You slash the gnoll!
The gnoll is heavily wounded.
A gnoll comes into view. It is wielding a +0 halberd.
The gnoll closely misses you. The gnoll hits you with a +0 club.
The gnoll hits you from afar with a +0 spear.
You hit the gnoll but do no damage. Your bite misses the gnoll.
The gnoll is heavily wounded.
You barely miss the gnoll.
The gnoll is heavily wounded.
The gnoll hits you with a +0 club.
It was a potion of curing.
You feel better.
The gnoll hits you from afar with a +0 spear.
The gnoll hits you with a +0 club.
You hit the gnoll. Your bite misses the gnoll.
The gnoll is almost dead.
The gnoll hits you from afar with a +0 spear.
The gnoll hits you with a +0 club.
Casting: Beastly Appendage (safe; 9% risk of failure)
Confirm with . or Enter, or press ? or * to list all spells.
You miscast Beastly Appendage.
You are very lightly contaminated with residual magic.
Nothing appears to happen.
The gnoll hits you from afar with a +0 spear.
The gnoll hits you with a +0 club.
* * * LOW HITPOINT WARNING * * *
It was a potion of might.
You feel very mighty all of a sudden. The gnoll hits you but does no damage.
The gnoll barely misses you.
It was a potion of mutation.
You feel extremely strange.
You feel your magical essence link to the dungeon's wands.
You feel resistant to heat.
You feel frail.
The gnoll hits you from afar with a +0 spear.
You die...

#....†....#
#####.......#
............#
####.#..#####
#.......#
#...#.#.#
##gr....#
#g##...#
#@##.r..#
#.#####.# ...
g.. ####.
.### .# # . ∆
#. #.


You could see 2 gnolls and a rat.

Vanquished Creatures
  An adder (D:2)
  A dart slug (D:1)
  A goblin (D:2)
  2 quokkas
  A ball python (D:1)
  4 kobolds
10 creatures vanquished.

Notes
Turn   | Place    | Note
-------+----------+-------------------------------------------
     0 | D:1      | meatgazer the Gnoll Wanderer began the quest for the Orb.
     0 | D:1      | meatgazer set off with the following items: a +2 falchion,
                  | 7 poisoned darts, a +0 dagger, a scroll of teleportation, a
                  | +0 robe; and the following spell memorised: Beastly
                  | Appendage; and the following spells available to memorise:
                  | Spider Form.
     0 | D:1      | Reached XP level 1. HP: 17/17 MP: 6/6
   196 | D:1      | Found a faded altar of an unknown god.
   345 | D:1      | Reached XP level 2. HP: 12/23 MP: 7/7
   904 | D:2      | Gained mutation: You expend magic power (3 MP) to
                  | strengthen your wands. [potion of mutation]
   904 | D:2      | Gained mutation: Your flesh is heat resistant. (rF+)
                  | [potion of mutation]
   904 | D:2      | Gained mutation: You are frail. (-10% HP) [potion of
                  | mutation]
   904 | D:2      | Slain by a gnoll

Illustrated notes

Levels and vault maps discovered:
D:1:      dpeg_arrival_erosion, layout_loops_cross,
          ebering_ecumenical_altar_hall, chequers_serial_rivers_small_3
D:2:      layout_basic

Skill      XL: |  1 |
---------------+----+-----
Transmutations | 2 |  2.0
Fighting       | |  2.5
Short Blades   | |  0.5
Long Blades    | |  8.5
Axes           | |  0.5
Maces & Flails | |  0.5
Polearms       | |  0.5
Staves         | |  0.5
Ranged Weapons | |  0.5
Throwing       | |  2.5
Armour         | |  0.5
Dodging        | |  0.5
Stealth        | |  0.5
Shields        | |  0.5
Unarmed Combat | |  0.5
Spellcasting   | |  4.9
Conjurations   | |  0.4
Hexes          | |  0.4
Summonings     | |  0.4
Necromancy     | |  0.4
Translocations | |  0.4
Fire Magic     | |  0.4
Ice Magic      | |  0.4
Air Magic      | |  0.4
Earth Magic    | |  0.4
Poison Magic   | |  0.4
Invocations    | |  0.7
Evocations     | |  2.5

Action                   || total
-------------------------++-------
Melee: Falchion          ||    33
Throw: Dart              ||     2
  Use: Scroll            ||     3
       Potion            ||     3
Armor: Robe              ||     4
Dodge: Dodged            ||    17

Table legend: (Time is in decaauts)
 A = Elapsed time spent in this place.
 B = Non-inter-level travel time spent in this place.
 C = Inter-level travel time spent in this place.
 D = Time resting spent in this place.
 E = Time spent auto-exploring this place.
 F = Levels seen in this place.
 G = Mean time per level.
                   A        B        C        D        E       F      G
               +--------+--------+--------+--------+--------+-----+--------+
         Total |    904 |    867 |     37 |    183 |    588 |   2 |  452.0 |
       Dungeon |    904 |    867 |     37 |    183 |    588 |   2 |  452.0 |
               +--------+--------+--------+--------+--------+-----+--------+

Top non-repeatable levels by time:
     D:1: 825 daAuts
     D:2: 78 daAuts
